 Dungeon Crawl Stone Soup version 0.22-a0-880-gb7b0c8b (webtiles) character file.

117 Goblin1989 the Cutter (level 4, -5/34 HPs)
             Began as a Demonspawn Warper on July 30, 2018.
             Was an Initiate of Ru.
             Slain by an iguana (13 damage)
             ... on level 3 of the Dungeon.
             The game lasted 00:06:32 (3506 turns).

Goblin1989 the Cutter (Demonspawn Warper)           Turns: 3506, Time: 00:06:33

Health: -5/34      AC:  6    Str: 12    XL:     4   Next: 71%
Magic:  7/7        EV:  9    Int: 14    God:    Ru [......]
Gold:   176        SH:  7    Dex: 13    Spells: 7/7 levels left

rFire    . . .     SeeInvis .   a - +0 short sword
rCold    . . .     Gourm    .   E - +0 shield
rNeg     . . .     Faith    .   b - +0 leather armour
rPois    .         Spirit   .   (no helmet)
rElec    .         Reflect  .   (no cloak)
rCorr    .         Harm     .   J - +0 pair of gloves
MR       .....                  (no boots)
Stlth    +.........             (no amulet)
HPRegen  0.11/turn              (no ring)
MPRegen  0.10/turn              (no ring)

@: no status effects
A: slimy green scales 1
a: Renounce Religion


You were on level 3 of the Dungeon.
You worshipped Ru.
Ru was noncommittal.
You were hungry.

You visited 1 branch of the dungeon, and saw 3 of its levels.

You collected 176 gold pieces.

Inventory:

Hand Weapons
 a - a +0 short sword (weapon)
Missiles
 f - 5 tomahawks of dispersal (quivered)
 I - 2 tomahawks
Armour
 b - a +0 leather armour (worn)
 E - a +0 shield (worn)
 J - a +0 pair of gloves (worn)
Scrolls
 B - 3 scrolls of blinking
 G - a scroll of fog {unknown}
 H - 3 scrolls of remove curse {unknown}
 K - a scroll of identify {unknown}
 L - a scroll of magic mapping {unknown}
Potions
 D - 2 potions of might {unknown}
 M - a potion of curing {@q1}
 N - a potion of mutation {unknown}
 O - 2 potions of heal wounds {unknown}
 P - a potion of flight {unknown}
Comestibles
 e - 4 rations
 Q - a chunk of flesh


   Skills:
 + Level 2.5 Fighting
 * Level 3.5 Short Blades
 - Level 0.8 Throwing
 - Level 0.8 Armour
 + Level 2.2 Dodging
 + Level 1.0 Stealth
 + Level 1.0 Shields
 - Level 2.0 Spellcasting
   Level 2.6 Translocations


You had 7 spell levels left.
You didn't know any spells.
Your spell library contained the following spells:

 Spells                   Type           Power        Failure   Level  Hunger
 Teleport Other           Tloc           #.......     88%         3    ####...
 Blink                    Tloc           N/A          67%         2    ###....
 Passage of Golubria      Tloc           N/A          99%         4    #####..
 Shroud of Golubria       Chrm/Tloc      #.........   85%         2    ###....
 Gell's Gravitas          Tloc           #.........   88%         3    ####...
 Lesser Beckoning         Tloc           #.........   88%         3    ####...


Dungeon Overview and Level Annotations

Branches:
Dungeon (3/15)

Altars:
Ru


Innate Abilities, Weirdness & Mutations

You are partially covered in slimy green scales. (AC +2)


Message History

You feel sick.
You take 2 damage, and have 9/34 hp.
* * * LOW HITPOINT WARNING * * *
You feel sick. The worker ant bites you.
* * * LOW HITPOINT WARNING * * *
You take 3 damage, and have 6/34 hp.
* * * LOW HITPOINT WARNING * * *
You feel sick.
You take 2 damage, and have 4/34 hp.
* * * LOW HITPOINT WARNING * * *
You feel sick.
You take 2 damage, and have 2/34 hp.
It was a potion of curing.
You feel better. The worker ant bites you.
* * * LOW HITPOINT WARNING * * *
The worker ant barely misses you.
You regained 8 hp, and now have 10/34 hp.
Unknown command.
You barely miss the worker ant.
The worker ant is heavily wounded.
You block the worker ant's attack.
You are feeling hungry.
You hit the worker ant.
The worker ant is severely wounded.
The worker ant bites you but does no damage.
Your shield prevents you from hitting the worker ant.
The worker ant is severely wounded.
You block the worker ant's attack.
You hit the worker ant.
The worker ant is severely wounded.
The worker ant barely misses you.
You hit the worker ant but do no damage.
The worker ant is severely wounded.
The worker ant bites you.
* * * LOW HITPOINT WARNING * * *
The worker ant completely misses you.
You take 2 damage, and have 9/34 hp.
You barely miss the worker ant.
The worker ant is severely wounded.
The worker ant bites you but does no damage.
You hit the worker ant but do no damage.
The worker ant is severely wounded.
The worker ant barely misses you.
Unknown command.
You closely miss the worker ant.
The worker ant is severely wounded.
The worker ant bites you but does no damage.
You block the worker ant's attack.
You hit the worker ant but do no damage.
The worker ant is severely wounded.
The worker ant bites you but does no damage.
You hit the worker ant but do no damage.
The worker ant is severely wounded.
The worker ant bites you.
* * * LOW HITPOINT WARNING * * *
You take 4 damage, and have 5/34 hp.
You hit the worker ant.
The worker ant is almost dead.
The worker ant bites you but does no damage.
You hit the worker ant but do no damage.
The worker ant is almost dead.
The worker ant bites you.
* * * LOW HITPOINT WARNING * * *
You take 3 damage, and have 2/34 hp.
Unknown command.
You feel better.
The worker ant bites you but does no damage.
You regained 11 hp, and now have 13/34 hp.
Unknown command.
You closely miss the worker ant.
The worker ant is almost dead.
The worker ant bites you but does no damage.
The worker ant barely misses you.
You hit the worker ant but do no damage.
The worker ant is almost dead.
The worker ant misses you.
You closely miss the worker ant.
The worker ant is almost dead.
You block the worker ant's attack.
You hit the worker ant but do no damage.
The worker ant is almost dead.
You block the worker ant's attack. The worker ant bites you.
* * * LOW HITPOINT WARNING * * *
You take 5 damage, and have 8/34 hp.
You hit the worker ant but do no damage.
The worker ant is almost dead.
The worker ant barely misses you.
You hit the worker ant.
You kill the worker ant!
Your Stealth skill increases to level 1!
Your Shields skill increases to level 1!
Unknown command.
You hit the iguana.
The iguana is moderately wounded.
The iguana bites you.
* * * LOW HITPOINT WARNING * * *
You take 1 damage, and have 8/34 hp.
You hit the iguana but do no damage.
The iguana is moderately wounded.
The iguana bites you!
You die...

█.......██...█...█████████..███.
█...............................
██.....█████████..÷██████...███.
██....█ ███.........██ █.
██.█.██ █...███..██ █. █.█..████
██......██ █. █.██....█
███.███..█ █( █. ████.█████....█
█..█ ████. █.█..l@.████ █..█
█.... █...█████


████ █.... █..l.██ █.... █.....██..█ █.... $.███████.███████ █.... █.........█
█.... █.........█ ██.██ █........)█ █. █........... . You could see an iguana.

Vanquished Creatures
  A worker ant (D:3)
  An adder (D:3)
  A shadow imp (D:2)
  2 oozes (D:1)
  2 worms
  3 leopard geckos
  3 giant cockroaches
  8 goblins
  11 hobgoblins
  2 jackals
  3 quokkas
  8 bats
  5 frilled lizards
  3 kobolds
  5 rats
58 creatures vanquished.

Notes
Turn   | Place    | Note
-------+----------+-------------------------------------------
     0 | D:1      | Goblin1989 the Demonspawn Warper began the quest for the Orb.
     0 | D:1      | Reached XP level 1. HP: 16/16 MP: 3/3
   164 | D:1      | Reached skill level 2 in Short Blades
   318 | D:1      | Gained mutation: You are partially covered in slimy green scales. (AC +2) [demonic ancestry]
   318 | D:1      | Reached XP level 2. HP: 16/22 MP: 5/5
   795 | D:1      | Reached skill level 3 in Short Blades
   803 | D:1      | HP: 1/22 [hobgoblin/club (6)]
  1103 | D:2      | Reached XP level 3. HP: 12/27 MP: 6/6
  1904 | D:2      | Found a sacrificial altar of Ru.
  1912 | D:2      | Became a worshipper of Ru the Awakened
  2287 | D:2      | Reached XP level 4. HP: 25/33 MP: 7/7
  3504 | D:3      | Reached skill level 1 in Stealth
  3504 | D:3      | Reached skill level 1 in Shields
  3506 | D:3      | Slain by an iguana

Vault maps used:
D:1:      onia_arrival_mini_maze_b, minmay_misc_feat_nine_boxes
D:2:      marbit_many_paths

Skill      XL: |  1  2  3  4 |
---------------+-------------+-----
Short Blades   | 2 3 |  3.5
Dodging        | 2 |  2.2
Stealth        | 1 |  1.0
Shields        | 1 |  1.0
Fighting       | |  2.5
Throwing       | |  0.8
Armour         | |  0.8
Spellcasting   | |  2.0
Translocations | |  2.6

Action                   |  1- 3 |  4- 6 || total
-------------------------+-------+-------++-------
Melee: Short sword       |   191 |   127 ||   318
  Use: Potion            |       |     2 ||     2
  Eat: Chunk             |     5 |     3 ||     8
Armor: Leather armour    |    69 |    44 ||   113
Dodge: Dodged            |   100 |    52 ||   152
Block: Shield            |    50 |    33 ||    83

Table legend:
 A = Spawn XP
 B = Non-spawn XP
 C = Spawn XP percentage of total XP
 D = Spawn monster count
 E = Non-spawn monster count
 F = Spawn count percentage of total count
 G = Total turns spent on level
                    A         B        C        D         E        F      G
               +---------+---------+-------+---------+---------+-------+---------
         Total |       0 |     168 |   0.0 |       0 |      58 |   0.0 |  3506
               +---------+---------+-------+---------+---------+-------+---------
           D:1 |       0 |      48 |   0.0 |       0 |      23 |   0.0 |  1307
           D:2 |       0 |      58 |   0.0 |       0 |      25 |   0.0 |  1398
           D:3 |       0 |      62 |   0.0 |       0 |      10 |   0.0 |   801
               +---------+---------+-------+---------+---------+-------+---------

Vault maps used:
D:1:      onia_arrival_mini_maze_b, minmay_misc_feat_nine_boxes
D:2:      marbit_many_paths
